[Event "7th Salamanca Festival 2024"]
[Site "Salamanca"]
[Date "2024.05.22"]
[Round "1.1"]
[White "Alekseenko, Kirill"]
[Black "Calzetta Ruiz, Monica"]
[Result "1-0"]
[ECO "B30"]
[WhiteElo "2679"]
[BlackElo "2244"]
[Annotator "TA"]
[PlyCount "43"]
[EventDate "2024.05.18"]
[EventType "tourn"]
[EventCountry "ESP"]
[SourceTitle "playchess.com"]
[Source "ChessBase"]
[SourceQuality "1"]
[TimeControl "2400+5"]

1. e4 c5 2. Nf3 Nc6 3. Bb5 g5 4. h3 Nf6 5. Nc3 Rg8 6. d3 g4 7. hxg4 Nxg4 8. Bf4 {[%emt 0:01:06] White is more active. White is better.} Qa5 9. Qd2 e6 {[%emt 0:00:26] Against Nd5} (9... d6 $16 10. Rxh7 Nf6) 10. Bxc6 $18 (10. Rxh7 Nf6) 10... bxc6 11. e5 Rb8 (11... h6 $142 12. Nh2 f5 13. Nxg4 Rxg4 14. Bxh6 c4) 12. Ne4 (12. Rxh7 Rxb2 13. Ne4 Qa4) 12... Qxd2+ 13. Nfxd2 {[%emt 0:00:15] Excellent horsemanship.} ({Don't play} 13. Kxd2 Rxb2 14. Rxh7 c4 15. dxc4 Bb4+ 16. Kd3 (16. Kc1 Ba3 $18) 16... Be7) 13... Rxb2 14. f3 f5 (14... d5 $142 15. exd6 f5 16. fxg4 (16. Nxc5 e5 $16) 16... fxe4 17. Nxe4 Bg7) 15. exf6 {[%emt 0:00:40] White is clearly winning.} d5 16. Rxh7 {[%emt 0:00:32] [#] Intending f7+ and mate.} Rb7 17. Rxb7 Bxb7 18. Rb1 dxe4 19. f7+ Kxf7 20. Rxb7+ Kg6 21. fxg4 exd3 22. cxd3 {[%emt 0:00:22] White took control after the opening.   Weighted Error Value: White=0.02 (flawless) /Black=0.53.  Mistake:       	---       	Black=3      Inaccurate:     	---       	Black=1      OK:         	White=6     	Black=2      Best:        	White=1     	Black=1} 1-0

[Event "7th Salamanca Festival 2024"]
[Site "Salamanca"]
[Date "2024.05.22"]
[Round "1.2"]
[White "Salimova, Nurgyul"]
[Black "Adams, Michael"]
[Result "1-0"]
[ECO "D02"]
[WhiteElo "2436"]
[BlackElo "2677"]
[Annotator "TA"]
[PlyCount "67"]
[EventDate "2024.05.18"]
[EventType "tourn"]
[EventCountry "ESP"]
[SourceTitle "playchess.com"]
[Source "ChessBase"]
[SourceQuality "1"]
[TimeControl "2400+5"]

1. d4 Nf6 2. Bf4 d5 3. e3 e6 4. Nf3 Bd6 5. Bxd6 Qxd6 6. c4 O-O 7. Nc3 Rd8 8. Rc1 a6 {[%emt 0:02:25] The position is equal.} 9. c5 Qe7 10. Ne5 Nfd7 11. f4 Nxe5 12. fxe5 Qh4+ 13. g3 Qh6 14. Qf3 Nc6 15. Qf4 g5 16. Qf3 {[%emt 0:02:16] Threatens to win with h4.} f6 17. h4 (17. exf6 Rf8 $14) (17. Qxf6 $16 Qxf6 18. exf6) 17... fxe5 18. hxg5 Qxg5 {[%emt 0:01:31] Strongly threatening ...Rf8.} 19. Rh5 Qg6 {[%emt 0:01:17] [#]} (19... Qg7 $11 {keeps the balance.} 20. Bd3 e4 (20... exd4 $2 21. Rxh7 Ne5 22. Rxg7+ $18) 21. Nxe4 dxe4 22. Qxe4 Qg6 (22... Qxg3+ $2 23. Kd2 $18)) 20. Bd3 $1 $16 {[%emt 0:01:22][%mdl 512] The board is on fire.} e4 {[%emt 0:02:21] [#]} (20... Qxd3 $2 21. Rg5+ $18 (21. dxe5 $2 Qg6 $19) (21. dxe5 $2 Qg6 $19)) 21. Nxe4 Rf8 {[%emt 0:00:24] Wards off Nf6+} (21... dxe4 22. Bxe4 Rf8 23. Qh1 (23. Qxf8+ Kxf8 24. Bxg6 hxg6 $14) 23... Qxg3+ 24. Kd1) 22. Qh1 $36 {[%emt 0:01:35][%mdl 2048] White is on the roll. White is more active.} dxe4 $2 {[%emt 0:03:11] Loses the game.} (22... Nb4 $16 {is a better defense.} 23. Rg5 (23. Nf6+ $2 Qxf6 $19) 23... Nxd3+ 24. Kd2 dxe4 25. Rxg6+ hxg6) 23. Bxe4 $18 Qxg3+ (23... Rf5 24. Bxf5 exf5) 24. Kd2 {[%emt 0:00:21][%cal Oh5g5,Be1d2,Bd2d3,Bd3c4,Bc4b3][%mdl 32] White wants to mate with Rg5+!} Qf2+ 25. Kd3 Nb4+ 26. Kc4 Qe2+ 27. Kb3 {[%emt 0:00:30] White mates.} Rf2 28. Rg5+ (28. Kxb4 Qxb2+ 29. Kc4 Qxa2+ 30. Kc3 Qd2+ 31. Kc4 Qa2+ 32. Kc3 Qb2+ 33. Kc4 Qb5+ 34. Kc3 Qb2+ 35. Kc4 Qe2+ 36. Bd3 Qa2+ 37. Kc3 Qb2+ 38. Kc4 h6 39. Rg1+ (39. Rxh6 Qa2+ 40. Kc3 Qb2+ 41. Kc4 Qa2+ 42. Kc3 Qa5+ 43. Kc4 Qa4+ 44. Kc3 Qa5+ 45. Kb3 Qa2+ 46. Kc3 $11) 39... Kf7 $11) 28... Kf8 29. Qh6+ (29. Kxb4 $2 Qxb2+ 30. Kc4 Qe2+ (30... Qxa2+ $2 31. Kc3 $19) 31. Kb3 Qxa2+ (31... Qxe3+ $2 32. Rc3 $19) 32. Kc3 Qd2+ 33. Kc4 Qe2+ (33... Qxe3 34. Qh6+ Ke8 35. Rg8+ Ke7 36. Qxh7+ Rf7 37. Qh4+) 34. Bd3 Qa2+ (34... Qxe3 35. Qh6+ Ke8 36. Rg8+ Ke7 37. Qxh7+ Rf7 38. Qh4+) 35. Kc3 Qa3+ (35... Qd2+ 36. Kc4 $15) 36. Kc4 b5+ (36... Qa2+ 37. Kc3 $19) 37. cxb6 cxb6 $19) 29... Ke7 30. Rg7+ (30. Kxb4 {is a self mate.} Qxb2+ 31. Kc4 Qxc1+) 30... Rf7 31. Qg5+ (31. Kxb4 $2 Qxb2+ 32. Kc4 Qxc1+ $19) 31... Ke8 32. Rg8+ (32. Kxb4 $2 Qxb2+ 33. Kc4 Qxc1+ $19) 32... Rf8 33. Rxf8+ (33. Kxb4 $2 {loses.} Qxb2+ 34. Kc4 Qxc1+ $19) 33... Kxf8 34. Rg1 {[%emt 0:00:11] Weighted Error Value: White=0.10 (very precise) /Black=0.71.  Loses game:     	---       	Black=1      Mistake:       	White=1     	Black=3      Inaccurate:     	---       	Black=1      OK:         	White=8     	Black=4      Best:        	White=3     	Black=1      Brilliant:      	White=2     	---} (34. Kxb4 $2 {perishes.} Qxb2+ 35. Kc4 Qxc1+ $19) 1-0

[Event "7th Salamanca Festival 2024"]
[Site "Salamanca"]
[Date "2024.05.22"]
[Round "1.3"]
[White "Ponomariov, Ruslan"]
[Black "Iturrizaga Bonelli, Eduardo"]
[Result "0-1"]
[ECO "E19"]
[WhiteElo "2646"]
[BlackElo "2591"]
[Annotator "RC"]
[PlyCount "143"]
[EventDate "2024.05.18"]
[EventType "tourn"]
[EventCountry "ESP"]
[SourceTitle "playchess.com"]
[Source "ChessBase"]
[SourceQuality "1"]
[TimeControl "2400+5"]

1. Nf3 Nf6 2. c4 b6 3. g3 Bb7 4. Bg2 e6 5. O-O Be7 6. Nc3 O-O 7. d4 Ne4 8. Qc2 Nxc3 9. Qxc3 Be4 10. Rd1 d6 11. Qe3 Bb7 12. Qd3 Qc8 13. d5 e5 14. e4 a5 15. Be3 Na6 16. b3 Qg4 17. Nd2 Bc8 18. a3 f5 19. exf5 Bxf5 20. Be4 g6 21. f3 Qh3 22. Qe2 Nc5 23. Qg2 Kg7 24. Rab1 h5 25. Rf1 Rf7 26. Bxf5 Qxg2+ 27. Kxg2 gxf5 28. b4 Nd7 29. f4 Kg6 30. Nf3 axb4 31. axb4 Ra2+ 32. Rf2 Ra3 33. Re2 Bf6 34. fxe5 dxe5 35. Nd2 e4 36. Rb3 Ra1 37. Rb1 Ra4 38. c5 b5 39. Bf4 Ne5 40. Nf1 Nd3 41. Ne3 Bd4 42. Nc2 Bc3 43. Rb3 Bxb4 44. Nxb4 Rxb4 45. Rxb4 Nxb4 46. d6 c6 47. Rb2 Nd3 48. Ra2 Nxc5 49. Rc2 Nd3 50. Rxc6 Rd7 51. Rb6 b4 52. Bd2 Kf6 53. Kf1 Ke6 54. Bxb4 Nxb4 55. Rxb4 Rxd6 56. Ke2 Ra6 57. Ke3 Ra2 58. Rb6+ Ke5 59. Rb5+ Kf6 60. h3 Ra3+ 61. Kf2 h4 62. g4 Rf3+ 63. Ke2 f4 64. Rf5+ Ke6 65. Kd2 Rd3+ 66. Ke1 f3 67. Rf8 Ke5 68. g5 Rd6 69. Kf2 Rd2+ 70. Kf1 Rg2 71. Rg8 e3 72. Re8+ 0-1

[Event "7th Salamanca Festival 2024"]
[Site "Salamanca"]
[Date "2024.05.22"]
[Round "1.4"]
[White "Paehtz, Elisabeth"]
[Black "Muzychuk, Mariya"]
[Result "1-0"]
[ECO "D02"]
[WhiteElo "2457"]
[BlackElo "2510"]
[Annotator "TA"]
[PlyCount "108"]
[EventDate "2024.05.18"]
[EventType "tourn"]
[EventCountry "ESP"]
[SourceTitle "playchess.com"]
[Source "ChessBase"]
[SourceQuality "1"]
[TimeControl "2400+5"]

1. d4 Nf6 2. Nf3 d5 3. c3 e6 4. Bf4 Bd6 5. e3 c5 6. Nbd2 Bxf4 7. exf4 Qd6 8. g3 {[%emt 0:02:48] The position is equal.} cxd4 9. Nxd4 e5 10. Nb5 Qe7 11. fxe5 Qxe5+ 12. Qe2 Qxe2+ 13. Bxe2 Kd7 {[%emt 0:01:33] Inhibits Nc7.} 14. O-O-O a6 {[%emt 0:00:20] Repels c4} 15. Nd4 Nc6 16. N2b3 Ne4 17. Nc2 Ne7 18. Rhf1 Kc7 19. f3 ({White should try} 19. Bf3 $16) 19... Nd6 20. Ne3 Be6 21. f4 Rad8 22. Bf3 Ndf5 23. Nc2 h5 24. Rfe1 Nc6 25. Nc5 Rd6 26. Nb3 {[%emt 0:01:10] White has more active pieces.} (26. b4 $16) 26... g6 (26... Rdd8 $11 {deserves consideration.}) 27. Nbd4 Rhd8 28. Nxf5 Bxf5 29. Nd4 {[%emt 0:02:01] Threatens to win with Nxf5.} Bg4 30. Bxg4 hxg4 31. Re2 Nxd4 32. Rxd4 $11 {[%emt 0:00:02][%mdl 4096] Endgame. KRR-KRR} Kc6 33. Re7 R6d7 34. Rxd7 Rxd7 {[%emt 0:00:03] KR-KR} 35. f5 gxf5 36. Rf4 Re7 37. Rxf5 Re1+ 38. Kd2 Rh1 39. Rf6+ Kc5 40. Kd3 Rxh2 41. b4+ Kb5 42. Rxf7 Rg2 43. Rxb7+ Kc6 44. Rg7 {[%emt 0:00:23] a4 is the strong threat.} Rxg3+ 45. Kd4 {[%emt 0:00:02] a4 would now be deadly.} Rg1 $1 46. Rg6+ Kb5 47. Kxd5 {[%emt 0:00:53][%cal Oa2a4] Hoping for a4+!} g3 $2 {[%emt 0:00:27][%mdl 8192] [#]} (47... a5 $11) 48. a4+ $1 Kxa4 49. Kc4 $1 Ka3 50. Rxa6+ Kb2 51. Rg6 {[%emt 0:00:03] White mates.} Ka3 52. b5 g2 53. Rg8 Ka2 54. b6 Ka3 {[%emt 0:00:07] Weighted Error Value: White=0.07 (flawless) /Black=0.22 (precise) .  Loses game:     	---       	Black=2      Mistake:       	White=2     	Black=1      Inaccurate:     	White=1     	Black=2      OK:         	White=19    	Black=19     Best:        	White=2     	Black=4      Strong:       	---       	Black=1      Brilliant:      	White=1     	---} 1-0

[Event "7th Salamanca Festival 2024"]
[Site "Salamanca"]
[Date "2024.05.22"]
[Round "2.1"]
[White "Calzetta Ruiz, Monica"]
[Black "Muzychuk, Mariya"]
[Result "0-1"]
[ECO "B13"]
[WhiteElo "2244"]
[BlackElo "2510"]
[Annotator "TA"]
[PlyCount "44"]
[EventDate "2024.05.18"]
[EventType "tourn"]
[EventCountry "ESP"]
[SourceTitle "playchess.com"]
[Source "ChessBase"]
[SourceQuality "1"]
[TimeControl "2400+5"]

1. e4 c6 2. d4 d5 3. exd5 cxd5 4. c4 Nf6 5. Nc3 Nc6 6. Bg5 Be6 7. Nf3 g6 8. Bxf6 exf6 9. c5 Bg7 10. Be2 O-O 11. O-O g5 {[%emt 0:01:37] The position is equal.} 12. h3 f5 {[%emt 0:00:44] Threatening ...g4.} 13. Re1 (13. Bb5 $11) 13... g4 $17 14. hxg4 fxg4 15. Ne5 Nxe5 16. dxe5 Qg5 (16... Bxe5 17. Bxg4 Qg5 18. Bxe6 fxe6 19. Re2 (19. Nxd5 $2 Rad8 $19)) 17. Nxd5 $2 (17. g3 $17) 17... Rad8 $19 ({Less strong is} 17... Qxe5 18. Bc4 Qxb2 19. Rb1 $15) ({Don't do} 17... Bxe5 18. Qc1 Qxc1 19. Ne7+ Kg7 20. Raxc1 $19) 18. Bc4 Bxe5 19. Qc1 {[%emt 0:07:28] [#]} Qg7 20. Ne7+ Kh8 {[%emt 0:00:01] Black is clearly winning.} 21. Bxe6 fxe6 22. Rb1 Bf6 {[%emt 0:01:15] Black took control after the opening.   Weighted Error Value: White=0.90/Black=0.00 (flawless) .  Loses game:     	White=1     	---        Mistake:       	White=1     	Black=1      Inaccurate:     	White=1     	---        OK:         	White=5     	Black=7      Best:        	---       	Black=1} (22... Bd4 $142 23. c6 Bxf2+ (23... Qxe7 $2 24. Re3 $19) 24. Kh1 Qf6 (24... Qxe7 $2 25. Qh6 $19) (24... Bxe1 $2 25. Qxe1 Qxe7 26. Qe5+ Qg7 27. Qxg7+ Kxg7 28. c7 $19)) 0-1

[Event "7th Salamanca Festival 2024"]
[Site "Salamanca"]
[Date "2024.05.22"]
[Round "2.2"]
[White "Iturrizaga Bonelli, Eduardo"]
[Black "Paehtz, Elisabeth"]
[Result "0-1"]
[ECO "E61"]
[WhiteElo "2591"]
[BlackElo "2457"]
[Annotator "TA"]
[PlyCount "96"]
[EventDate "2024.05.18"]
[EventType "tourn"]
[EventCountry "ESP"]
[SourceTitle "playchess.com"]
[Source "ChessBase"]
[SourceQuality "1"]
[TimeControl "2400+5"]

1. c4 Nf6 2. g3 g6 3. Bg2 Bg7 4. Nc3 O-O 5. d4 Nc6 6. e3 d6 7. Nge2 Bd7 8. O-O e5 9. h3 {[%emt 0:00:33] E61: King's Indian: Early deviations for White, including Smyslov System.} Re8 10. d5 Na5 11. b3 a6 12. a4 $146 ({Predecessor:} 12. Ba3 b5 13. c5 dxc5 14. Bxc5 Nb7 15. b4 Nd6 16. e4 h5 17. Nc1 Nh7 18. Nb3 Nc4 19. Nd2 Nd6 20. Nb3 Nc4 21. Nd2 Nd6 {½-½ Monclus Domingo,A (2196)-Llaneza Vega,P (2175) Catalunya-chT Gp1 2016 (7.3)}) 12... c5 13. dxc6 Bxc6 14. e4 b6 15. Be3 Qb8 16. Nd5 Nxd5 17. cxd5 Bd7 18. Rb1 b5 19. Qd2 b4 20. Nc1 Qb7 21. Na2 Rab8 22. Rfc1 f5 23. f3 Rf8 24. Qd3 Rf7 ({Better is} 24... f4 $14 25. gxf4 exf4) 25. Bd2 $16 Qb6+ 26. Qe3 (26. Kh2 $1 $16) 26... Qxe3+ $14 27. Bxe3 f4 (27... h5 $14) 28. Bd2 $16 fxg3 29. Nxb4 (29. Bxb4 $6 Nxb3 30. Bxd6 (30. Rxb3 a5 $11) 30... Rb6 $11) 29... Nxb3 (29... Rb6 $16 {might work better.} 30. Rc7 Bf6) 30. Nc6 $1 $18 (30. Rxb3 a5 31. Bf1 h5 $16) 30... Rb7 (30... Bxc6 $2 31. dxc6 h5 32. Rc3 $18) 31. Nd8 $1 Bxa4 32. Nxb7 Rxb7 33. Rc4 Rb5 34. Be1 (34. Rxa4 $6 Nxd2 35. Rxb5 axb5 36. Ra8+ Kf7 $16) 34... Nc5 35. Ra1 $2 (35. Rcb4 $18) 35... Bh6 $1 $11 (35... Bb3 $2 36. Rb4 $18) 36. Bxg3 (36. Raxa4 Nxa4 37. Rc8+ (37. Rxa4 $2 Rb1 $19) 37... Kf7 38. Bxg3 a5 39. Rc7+ Kf8 $14) 36... Bb3 $1 37. Rxc5 Rxc5 38. Rxa6 Be3+ 39. Kh2 Rc1 40. h4 Bg1+ 41. Kh3 Bc5 42. h5 gxh5 43. Kh4 Rg1 44. Bh3 $2 {[%emt 0:00:12][%mdl 8192] [#]} (44. Kh3 $11 {and White stays safe.}) 44... Rh1 $1 $19 45. Rc6 {[%emt 0:00:01] [#]} Ba4 $1 46. Rc7 $2 (46. Bxe5 dxe5 (46... Bxc6 47. dxc6 dxe5 48. c7 $11) 47. Rxc5) 46... Bb5 $2 (46... Bb6 47. Rb7 Bd8+ 48. Kxh5 Be8+ (48... Rxh3+ $2 49. Kg4 $19) 49. Kg4 h5+ 50. Kf5 Rxh3 51. Bxe5 dxe5) 47. Kg5 $2 ({Much worse is} 47. Bxe5 Bf1 48. Kg5 (48. Rc8+ $2 Kf7 $19) 48... Bxh3 $19 (48... Rxh3 $2 49. f4 $19)) (47. Rb7 Ba6 48. Rb2) 47... Rxh3 $19 48. Kf6 Be8 ({And not} 48... Rxg3 49. Rc8+) 0-1

[Event "7th Salamanca Festival 2024"]
[Site "Salamanca"]
[Date "2024.05.22"]
[Round "2.3"]
[White "Adams, Michael"]
[Black "Ponomariov, Ruslan"]
[Result "1/2-1/2"]
[ECO "C65"]
[WhiteElo "2677"]
[BlackElo "2646"]
[Annotator "TA"]
[PlyCount "61"]
[EventDate "2024.05.18"]
[EventType "tourn"]
[EventCountry "ESP"]
[SourceTitle "playchess.com"]
[Source "ChessBase"]
[SourceQuality "1"]
[TimeControl "2400+5"]

1. e4 e5 2. Nf3 Nc6 3. Bb5 Nf6 4. d3 Bc5 5. Ba4 O-O {[%emt 0:00:27] The position is equal.} 6. O-O d6 7. c3 Ne7 8. h3 Ng6 9. d4 Bb6 10. Bc2 d5 11. exd5 exd4 12. cxd4 Nxd5 13. Nc3 c6 14. Re1 Ndf4 15. Bxg6 Nxg6 16. d5 {[%emt 0:00:02] Against Be6} cxd5 17. Bg5 f6 18. Be3 Ba5 19. Qb3 Bxc3 20. bxc3 b6 21. Rad1 Be6 (21... Bb7 $5) 22. Bxb6 Qxb6 23. Qxb6 axb6 24. Rxe6 Rxa2 25. Rxb6 Nf4 26. Nd4 Rfa8 27. h4 R8a7 28. Rb4 Kf7 29. Rdb1 Ne2+ 30. Nxe2 Rxe2 31. Rd4 {[%emt 0:00:49] An interesting draw.   Weighted Error Value: White=0.01 (flawless) /Black=0.02 (flawless) .  OK:         	White=13    	Black=14     Best:        	White=2     	---} 1/2-1/2

[Event "7th Salamanca Festival 2024"]
[Site "Salamanca"]
[Date "2024.05.22"]
[Round "2.4"]
[White "Alekseenko, Kirill"]
[Black "Salimova, Nurgyul"]
[Result "1-0"]
[ECO "C54"]
[WhiteElo "2679"]
[BlackElo "2436"]
[Annotator "RC"]
[PlyCount "149"]
[EventDate "2024.05.18"]
[EventType "tourn"]
[EventCountry "ESP"]
[SourceTitle "playchess.com"]
[Source "ChessBase"]
[SourceQuality "1"]
[TimeControl "2400+5"]

1. e4 e5 2. Nf3 Nc6 3. Bc4 Nf6 4. d3 h6 5. c3 Bc5 6. O-O d6 7. b4 Bb6 8. Nbd2 O-O 9. Bb3 a6 10. a4 Ne7 11. Re1 c6 12. a5 Bc7 13. d4 Ng6 14. dxe5 dxe5 15. Qc2 Nh5 16. Nf1 Bg4 17. N3d2 Nhf4 18. Nc4 Nxg2 19. Kxg2 Nh4+ 20. Kh1 Qf6 21. Re3 Rad8 22. Rg3 Bd1 23. Qa2 Bf3+ 24. Kg1 Bxe4 25. Ncd2 Bg6 26. Bb2 e4 27. Re1 Bxg3 28. hxg3 Nf3+ 29. Nxf3 exf3 30. Qa1 Qg5 31. Re3 Rd3 32. Qe1 Qh5 33. Bd1 Rfd8 34. Bxf3 Rxe3 35. Qxe3 Qf5 36. Be2 Kh7 37. c4 f6 38. Qc1 Qe4 39. Ne3 h5 40. Bf1 Qe6 41. b5 h4 42. gxh4 Qe4 43. Bg2 Qxh4 44. bxc6 bxc6 45. Bxc6 Qg5+ 46. Bg2 Be4 47. Qf1 Bf3 48. Bc3 Kg8 49. Kh2 Qh4+ 50. Bh3 Qf4+ 51. Kg1 Kf7 52. c5 Rh8 53. c6 Bxc6 54. Qxa6 Qe4 55. Bg2 Qb1+ 56. Qf1 Qxf1+ 57. Kxf1 Bxg2+ 58. Kxg2 Ke6 59. Kf3 Rc8 60. Bd4 f5 61. a6 g5 62. a7 Ra8 63. Ke2 f4 64. Ng4 Kd5 65. Kd3 Ke6 66. f3 Kd5 67. Bf2 Kc6 68. Ke4 Kb7 69. Kf5 Rg8 70. Nh6 Rc8 71. Kxg5 Rc2 72. Ng4 Rc4 73. Kf5 Ra4 74. Nf6 Ra2 75. Ne4 1-0

[Event "7th Salamanca Festival 2024"]
[Site "Salamanca"]
[Date "2024.05.23"]
[Round "3.1"]
[White "Salimova, Nurgyul"]
[Black "Calzetta Ruiz, Monica"]
[Result "1-0"]
[ECO "D02"]
[WhiteElo "2436"]
[BlackElo "2244"]
[Annotator "RC"]
[PlyCount "95"]
[EventDate "2024.05.18"]
[EventType "tourn"]
[EventCountry "ESP"]
[SourceTitle "playchess.com"]
[Source "ChessBase"]
[SourceQuality "1"]
[TimeControl "2400+5"]

1. d4 d5 2. Nf3 c5 3. g3 cxd4 4. Bg2 Nf6 5. O-O h6 6. b3 e6 7. Bb2 Bc5 8. Bxd4 Bxd4 9. Qxd4 O-O 10. Nbd2 Nc6 11. Qb2 Re8 12. b4 Qb6 13. Rab1 e5 14. b5 Nd4 15. Nxd4 exd4 16. Nf3 Ne4 17. Qxd4 Qxd4 18. Nxd4 Nd2 19. Bxd5 Nxf1 20. Rxf1 Bh3 21. Rb1 Rad8 22. c4 Kf8 23. Rb3 Re7 24. f3 Be6 25. e4 Bxd5 26. cxd5 Rc7 27. Kf2 Rc1 28. Ra3 Rd1 29. Ke3 Rc8 30. Nf5 g6 31. Nd6 Rc2 32. Rxa7 Rxh2 33. Rxb7 Rxa2 34. Rxf7+ Kg8 35. Kf4 Rb2 36. Rc7 Rd3 37. Rc6 Rbb3 38. b6 Rxf3+ 39. Ke5 Rxg3 40. b7 h5 41. Rc8+ Kg7 42. b8=Q Rxb8 43. Rxb8 h4 44. Rb7+ Kh6 45. Nf7+ Kh5 46. d6 h3 47. d7 h2 48. d8=Q 1-0

[Event "7th Salamanca Festival 2024"]
[Site "Salamanca"]
[Date "2024.05.23"]
[Round "3.2"]
[White "Ponomariov, Ruslan"]
[Black "Alekseenko, Kirill"]
[Result "1-0"]
[ECO "A17"]
[WhiteElo "2646"]
[BlackElo "2679"]
[Annotator "RC"]
[PlyCount "89"]
[EventDate "2024.05.18"]
[EventType "tourn"]
[EventCountry "ESP"]
[SourceTitle "playchess.com"]
[Source "ChessBase"]
[SourceQuality "1"]
[TimeControl "2400+5"]

1. Nf3 d5 2. e3 Nf6 3. c4 e6 4. Nc3 Bd6 5. b3 O-O 6. Bb2 Re8 7. Nb5 Be7 8. Be2 a6 9. Nc3 b6 10. cxd5 exd5 11. O-O Nbd7 12. d4 Bd6 13. a4 Qe7 14. Qc1 Bb7 15. Ba3 c5 16. Rd1 Rac8 17. Ra2 Ne4 18. Rc2 Ndf6 19. Nxe4 Nxe4 20. Bd3 c4 21. Bxd6 Nxd6 22. bxc4 dxc4 23. Bxc4 Bxf3 24. gxf3 Qf6 25. Kg2 Qg6+ 26. Kf1 Qh5 27. Ke2 b5 28. Bd3 bxa4 29. Bxa6 Ra8 30. Bd3 a3 31. Ra2 Rec8 32. Qd2 f5 33. Rc1 Ne4 34. Qe1 Ng5 35. Rxc8+ Rxc8 36. Qh1 Rc3 37. h4 f4 38. Ra1 Ne4 39. Qb1 Nf6 40. Qb8+ Kf7 41. Rb1 Rxd3 42. Kxd3 a2 43. Qa7+ Kg6 44. Rg1+ Kh6 45. Qxg7# 1-0

[Event "7th Salamanca Festival 2024"]
[Site "Salamanca"]
[Date "2024.05.23"]
[Round "3.3"]
[White "Paehtz, Elisabeth"]
[Black "Adams, Michael"]
[Result "0-1"]
[ECO "C84"]
[WhiteElo "2457"]
[BlackElo "2677"]
[Annotator "TA"]
[PlyCount "50"]
[EventDate "2024.05.18"]
[EventType "tourn"]
[EventCountry "ESP"]
[SourceTitle "playchess.com"]
[Source "ChessBase"]
[SourceQuality "1"]
[TimeControl "2400+5"]

1. e4 e5 2. Nf3 Nc6 3. Bb5 a6 4. Ba4 Nf6 5. d4 exd4 6. O-O Be7 7. e5 Ne4 8. Nxd4 O-O 9. Nf5 d5 10. exd6 Bxf5 (10... Bf6 {seems wilder.} 11. Bxc6 Bxf5 12. Bxb7 Rb8) 11. dxe7 Qxe7 12. Bxc6 bxc6 13. Qf3 {[%emt 0:01:40] The position is equal.} Qf6 14. Nc3 Nxc3 15. bxc3 {[%emt 0:00:01] White is weak on the light squares} (15. Qxc3 {simplifies} Qxc3 16. bxc3 f6 17. Bf4) 15... Rfe8 16. Be3 Qg6 17. Rab1 Bxc2 18. Rb7 Re7 19. Bc5 Re5 20. Be3 $1 Rc8 21. Qf4 Re7 22. Bc5 Rd7 $40 {[%emt 0:00:47][%mdl 128] White needs to defend precisely.} 23. Re1 h6 24. Bd4 $2 {[%emt 0:00:08][%mdl 8192] [#]} (24. h3 $15) 24... c5 $1 $19 25. Bxc5 {[%emt 0:00:44] [#]} (25. Bxg7 Be4) 25... Be4 $1 {[%emt 0:00:57][%mdl 512] Weighted Error Value: White=0.51/Black=0.06 (flawless) .  Loses game:     	White=1     	---        Inaccurate:     	---       	Black=1      OK:         	White=2     	Black=6      Strong:       	White=1     	---        Brilliant:      	---       	Black=2} 0-1

[Event "7th Salamanca Festival 2024"]
[Site "Salamanca"]
[Date "2024.05.23"]
[Round "3.4"]
[White "Muzychuk, Mariya"]
[Black "Iturrizaga Bonelli, Eduardo"]
[Result "0-1"]
[ECO "B22"]
[WhiteElo "2510"]
[BlackElo "2591"]
[Annotator "TA"]
[PlyCount "48"]
[EventDate "2024.05.18"]
[EventType "tourn"]
[EventCountry "ESP"]
[SourceTitle "playchess.com"]
[Source "ChessBase"]
[SourceQuality "1"]
[TimeControl "2400+5"]

1. e4 c5 2. Nf3 e6 3. c3 d5 4. exd5 Qxd5 5. d4 Nf6 6. Na3 Nc6 7. Be3 cxd4 {[%emt 0:00:20] [#]} 8. Nb5 $1 Qd8 {[%emt 0:02:38] Prevents Nc7+} 9. Nbxd4 Qc7 {[%emt 0:00:05] The position is equal.} 10. Nxc6 bxc6 11. Qd4 Be7 12. O-O-O O-O 13. Qe5 Qb7 14. Bd3 Rb8 15. Rd2 Nd5 16. Bd4 f6 $1 17. Qe4 (17. Qh5 $1 $11 g6 18. Bxg6) 17... g6 $36 {[%emt 0:00:52][%mdl 2048] Threatens to win with ...e5. Black is on the roll.} 18. h4 (18. Be3 $17) 18... e5 $19 19. Be3 $2 {[%emt 0:00:15] [#]} (19. Nxe5 Bf5 (19... fxe5 $2 20. Bxe5 Bf5 21. Qd4 $19) 20. Qe2 fxe5 21. Bxe5 Bxd3 22. Qxd3) 19... Ba3 $1 {[%emt 0:02:16][%cal Ra3b2][%mdl 512] Black is clearly winning.} 20. Bc4 (20. Qc4 Bxb2+) 20... Bxb2+ 21. Kd1 Be6 22. Bxd5 cxd5 23. Qb4 Qa6 24. Qc5 Ba3 {[%emt 0:00:07] Weighted Error Value: White=1.07/Black=0.11 (very precise) .  Mistake:       	White=3     	---        Inaccurate:     	White=2     	---        OK:         	White=6     	Black=4      Best:        	---       	Black=2      Strong:       	White=1     	Black=1      Brilliant:      	---       	Black=1} 0-1